 Dungeon Crawl Stone Soup version 0.16-a0-3602-g9bd3662 (console) character file.

553 MarvinPA the Digger (level 7, 0/46 HPs)
             Began as a Formicid Earth Elementalist on Jan 12, 2015.
             Slain by a water moccasin (6 damage)
             ... on level 5 of the Dungeon.
             The game lasted 00:15:19 (4858 turns).

MarvinPA the Digger (Formicid Earth Elementalist)   Turns: 4858, Time: 00:15:20

Health: 0/46       AC:  4    Str: 13    XL:     7   Next: 55%
Magic:  10/16      EV: 17    Int: 16    God:
Gold:   194        SH:  0    Dex: 16    Spells: 4 memorised, 3 levels left

rFire  . . .     SeeInvis +     b - 34 stones
rCold  . . .     Clarity  .     x - +0 robe
rNeg   . . .     SustAb   .     (no shield)
rPois  .         Gourm    .     (helmet unavailable)
rElec  .         Spirit   .     (no cloak)
rCorr  .         Warding  .     (no gloves)
rMut   .         Stasis   +     v - +1 pair of boots
MR     .....                    (no amulet)
Stlth  ++++......               (no ring)
                                y - ring of stealth

@: agile, lethally poisoned, not resistant to hostile enchantments, stealthy
A: permanent stasis, dig shafts and tunnels, four strong arms, antennae 3
a: Dig, Shaft Self


You were on level 5 of the Dungeon.
You were not hungry.

You visited 1 branch of the dungeon, and saw 5 of its levels.

You collected 194 gold pieces.


Innate Abilities, Weirdness & Mutations

You are under a permanent stasis effect.
You can dig through walls and to a lower floor.
Your four strong arms can wield two-handed weapons with a shield.
You have a pair of large antennae on your head (SInv).


   Skills:
 - Level 1.7 Dodging
 - Level 2.4 Stealth
 - Level 3.0 Spellcasting
 + Level 4.1 Conjurations
 - Level 1.1 Transmutations
 + Level 7.3 Earth Magic


You had 3 spell levels left.
You knew the following spells:

 Your Spells              Type           Power        Failure   Level  Hunger
a - Stoneskin             Trmt/Erth      ###.....     6%          2    ##.....
x - Stone Arrow           Conj/Erth      ###...       6%          3    ###....
z - Sandblast             Erth           ####..       1%          1    #......
N - Passwall              Trmt/Erth      ###.......   12%         3    ###....

Inventory:

Hand weapons
 a - a +1 whip
Missiles
 b - 34 stones (in hand)
Armour
 v - a +1 pair of boots (worn)
 x - a +0 robe (worn)
Rods
 c - a +2 rod of shadows (15/15) {!a}
   (You found it on level 4 of the Dungeon)
Jewellery
 t - an uncursed ring of fire
 y - a ring of stealth (left hand)
Scrolls
 e - 2 scrolls of amnesia
 h - 2 scrolls of noise {!r}
 q - 2 scrolls of enchant armour
 s - a scroll of remove curse
Potions
 f - a potion of mutation {unknown}
 g - 2 potions of agility
 i - 2 potions of might
 l - 2 potions of curing
 r - a potion of invisibility {unknown}
 C - a potion of restore abilities
Books
 d - a book of Geomancy
Comestibles
 j - a beef jerky
 k - 3 chunks of flesh {@w1}
 o - a slice of pizza
 w - 4 bread rations
 z - 2 meat rations

Dungeon Overview and Level Annotations

Branches:
Dungeon (5/15)
 Temple: D:4-7

Altars:
Gozag
Kikubaaqudgha
Okawaru
The Shining One

Annotations:
D:5 Dowan

................#####....#####
...........#....####.(........
..............................
#.##...............)..........
#...........#...#.........
#.#..).£......#...#...#.....
#......(..##................
#.........###e........#....
#..........#a...>.....##..
#....(.....S.##........ .
##.....)###...........##
#......# #........#. .......
#........ ...... ....#....
..... ..#.#... . . .....# .
.....#


You could see a water moccasin and Dowan.


Message History

The adder closely misses you.
Dowan hits you with the +8 demon blade "Leech" {vamp, rN+ AC-2 EV-2 Str-2 Int-2 Dex-2}.
* * * LOW HITPOINT WARNING * * *
Enter note: dont kill me Unknown command.
Unknown command.
Dowan casts a spell.
Dowan blinks!
The water moccasin barely misses you.
Use which ability? (? or * to list)
Okay, then.
Beep!
Your pager goes off!
Use _ to check your messages.
Your messages: SGrunt: don't die
Enter note: how does shafting work again
Enter note: are you paralysed Beep!
Your pager goes off!
Use _ to check your messages.
Your messages: SGrunt: for like one turn I think Use which ability? (? or * to list) Are you sure you want to shaft yourself?
You feel quite a bit more hungry. The water moccasin bites you.
* * * LOW HITPOINT WARNING * * *
You are lethally poisoned!
The water moccasin poisons you!
Dowan points at you and mumbles some strange words.
The stone arrow misses you.
The stone arrow hits the water moccasin.
* * * LOW HITPOINT WARNING * * *
You feel sick. The water moccasin bites you.
You die...

Action                   |  1- 3 |  4- 6 |  7- 9 || total
-------------------------+-------+-------+-------++-------
Melee: Unarmed           |     3 |     8 |       ||    11
       Whip              |       |     2 |       ||     2
Throw: Throwing net      |       |       |     1 ||     1
 Cast: Sandblast         |    64 |   161 |    18 ||   243
       Stone Arrow       |       |     7 |     2 ||     9
 Abil: Shaft Self        |       |       |     1 ||     1
  Use: Scroll            |       |    14 |       ||    14
       Potion            |       |       |     1 ||     1
  Eat: Chunk             |     2 |    11 |     1 ||    14

Vault maps used:
D:1:      mrwooster_arrival_statue_3
D:2:      lemuel_doored_altar, first_bread, okawaru_trees_2
D:3:      hangedman_decor_growths
D:4:      nicolae_tso_swordbearing_angel
D:5:      nicolae_overflow_crystal_walls, minmay_temple_entry_statues_fountains,
          uniq_edmund, uniq_duvessa, uniq_menkaure, uniq_iyjb

Notes
Turn   | Place    | Note
--------------------------------------------------------------
     0 | D:1      | MarvinPA, the Formicid Earth Elementalist, began the quest for the Orb.
     0 | D:1      | Reached XP level 1. HP: 13/13 MP: 3/3
   259 | D:1      | Reached XP level 2. HP: 19/19 MP: 4/6
   689 | D:1      | Reached skill level 4 in Earth Magic
   919 | D:1      | Reached skill level 3 in Spellcasting
   919 | D:1      | Reached XP level 3. HP: 10/24 MP: 0/8
  1165 | D:1      | Learned a level 3 spell: Stone Arrow
  1576 | D:2      | Reached skill level 1 in Conjurations
  1576 | D:2      | Reached XP level 4. HP: 30/30 MP: 1/10
  1735 | D:2      | Found an ancient bone altar of Kikubaaqudgha.
  1871 | D:2      | Found an iron altar of Okawaru.
  2085 | D:1      | Reached skill level 5 in Earth Magic
  2637 | D:3      | Reached XP level 5. HP: 35/35 MP: 7/13
  2691 | D:3      | Reached skill level 2 in Conjurations
  2795 | D:3      | Learned a level 3 spell: Passwall
  2798 | D:3      | Learned a level 2 spell: Stoneskin
  3594 | D:4      | Identified a +0 rod of shadows (14/14) (You found it on level 4 of the Dungeon)
  3653 | D:4      | Reached XP level 6. HP: 37/41 MP: 6/14
  4035 | D:4      | Found a glowing golden altar of the Shining One.
  4388 | D:5      | Entered Level 5 of the Dungeon
  4397 | D:5      | Noticed Duvessa
  4397 | D:5      | Reached skill level 6 in Earth Magic
  4405 | D:5      | Killed Duvessa
  4405 | D:5      | Reached skill level 3 in Conjurations
  4621 | D:5      | Found an opulent altar of Gozag.
  4623 | D:5      | Reached XP level 7. HP: 37/46 MP: 8/16
  4738 | D:5      | Noticed Edmund
  4750 | D:5      | Killed Edmund
  4750 | D:5      | Reached skill level 4 in Conjurations
  4750 | D:5      | Reached skill level 7 in Earth Magic
  4844 | D:5      | Noticed Dowan
  4846 | D:5      | Noticed a water moccasin
  4856 | D:5      | dont kill me
  4857 | D:5      | SGrunt: don't die
  4857 | D:5      | how does shafting work again
  4857 | D:5      | are you paralysed
  4857 | D:5      | SGrunt: for like one turn I think
  4858 | D:5      | Slain by a water moccasin

Vanquished Creatures
  Edmund (D:5)
  Duvessa (D:5)
  2 hounds (D:5)
  A giant frog zombie (D:5)
  An orc wizard (D:4)
  A worker ant (D:5)
  2 adders (D:2)
  7 gnolls
  5 worms
  An adder zombie (D:5)
  2 giant geckos
  13 orcs
  A giant cockroach (D:2)
  8 hobgoblins
  7 jackals
  2 quokkas (D:4)
  12 bats
  9 giant newts
  10 goblins
  9 kobolds
  6 rats
101 creatures vanquished.
